 Dungeon Crawl Stone Soup version 0.21-a0-616-g6d9b277d69 (webtiles) character file.

269 4tharraofdagon the Bolt Thrower (level 6, -1/47 HPs)
             Began as a Demonspawn Hunter on Dec 23, 2017.
             Killed from afar by Blork the orc (4 damage)
             ... with a magic dart
             ... on level 5 of the Dungeon.
             The game lasted 00:05:47 (1141 turns).

4tharraofdagon the Bolt Thrower (Demonspawn Hunter) Turns: 1141, Time: 00:05:47

Health: -1/47      AC:  9    Str: 13    XL:     6   Next: 1%
Magic:  6/6        EV: 11    Int: 14    God:
Gold:   100        SH:  0    Dex: 13    Spells: 5/5 levels left

rFire    . . .     SeeInvis .     - Unarmed
rCold    . . .     Gourm    .   (no shield)
rNeg     . . .     Faith    .   i - +0 ring mail
rPois    .         Spirit   .   (helmet restricted)
rElec    .         Reflect  .   (no cloak)
rCorr    .         Harm     .   (no gloves)
MR       .....                  (no boots)
Stlth    +++.......             (no amulet)
HPRegen  0.15/turn              e - +4 ring of protection
MPRegen  0.10/turn              g - ring of stealth

@: very slightly contaminated, invisible
A: antennae 2, nightstalker 1, powered by death 1
a: no special abilities


You were on level 5 of the Dungeon.
You were not hungry.

You visited 1 branch of the dungeon, and saw 6 of its levels.

You collected 100 gold pieces.

Inventory:

Hand Weapons
 a - a +2 hand crossbow
 b - a +0 short sword
Armour
 c - a +0 leather armour
 i - a +0 ring mail (worn)
Jewellery
 e - a +4 ring of protection (left hand)
 g - a ring of stealth (right hand)
Scrolls
 h - a scroll of remove curse
Potions
 k - a potion of invisibility
Comestibles
 f - 5 rations


   Skills:
 + Level 3.2 Fighting
 - Level 5.0 Crossbows
 - Level 1.7 Dodging
 - Level 0.8 Stealth
 * Level 3.2 Unarmed Combat


You had 5 spell levels left.
You didn't know any spells.

Dungeon Overview and Level Annotations

Branches:
Dungeon (6/15)
 Temple: D:4-7

Altars:
Dithmenos
Makhleb
Nemelex Xobeh

Annotations:
D:5 Blork the orc


Innate Abilities, Weirdness & Mutations

You have a pair of antennae on your head.
You are slightly more attuned to the shadows.
You regenerate a little health from kills.


Message History

* * * LOW HITPOINT WARNING * * *
You hear some strange, mumbled words.
A puff of flame appears from out of thin air!
The puff of flame misses you.
It was a potion of invisibility.
You fade into invisibility!
Something hits you.
* * * LOW HITPOINT WARNING * * *
Something freezes you.
* * * LOW HITPOINT WARNING * * *
You are very lightly contaminated with residual magic.
Unknown command.
Wield which item (- for none, * to show all)? (? for menu, Esc to quit)
Okay, then.
Wield which item (- for none, * to show all)? (? for menu, Esc to quit)
You are now empty-handed.
You hear some strange, mumbled words.
A magic dart appears from out of thin air!
The magic dart hits you!
You die...

#### #... #... ####...
#...... #......
##################......
.(....{@...........>....
#####(#####.............
.(. ..'.....##......
...#.#####.....###.####
....#.#.........###.#
... #..{.#.......##.# ..
o....#.#+#...##.# #...
#.#.##..##.# #..
#.......##.####


There were no monsters in sight!

Vanquished Creatures
  A scorpion (D:5)
  A centaur zombie (D:5)
  A bullfrog zombie (D:5)
  A hound (D:3)
  An orc priest (D:5)
  A worker ant (D:4)
  4 adders
  An adder zombie (D:5)
  A worm (D:5)
  A dart slug (D:3)
  3 orcs
  2 bats (D:3)
  5 giant cockroaches
  2 goblins (D:3)
  2 hobgoblins (D:3)
  A kobold (D:3)
  A ball python (D:3)
  A frilled lizard (D:3)
  A quokka zombie (D:5)
  A rat (D:2)
32 creatures vanquished.

Notes
Turn   | Place    | Note
-------+----------+-------------------------------------------
     0 | D:1      | 4tharraofdagon the Demonspawn Hunter began the quest for the Orb.
     0 | D:1      | Reached XP level 1. HP: 16/16 MP: 1/1
   145 | D:2      | Reached skill level 4 in Crossbows
   145 | D:2      | Gained mutation: You regenerate a little health from kills. [demonic ancestry]
   145 | D:2      | Reached XP level 2. HP: 22/22 MP: 2/2
   199 | D:2      | Gained mutation: You have a pair of small antennae on your head. [demonic ancestry]
   199 | D:2      | Reached XP level 3. HP: 19/27 MP: 3/3
   280 | D:3      | Reached skill level 5 in Crossbows
   305 | D:4      | Found a shadowy altar of Dithmenos.
   325 | D:3      | Reached XP level 4. HP: 27/33 MP: 4/4
   420 | D:3      | Found a burning altar of Makhleb.
   485 | D:4      | Reached skill level 1 in Unarmed Combat
   608 | D:5      | Entered Level 5 of the Dungeon
   613 | D:5      | Found a sparkling altar of Nemelex Xobeh.
   739 | D:5      | Gained mutation: You have a pair of antennae on your head. [demonic ancestry]
   739 | D:5      | Reached XP level 5. HP: 19/39 MP: 5/5
   938 | D:5      | Noticed a yak
   939 | D:5      | Noticed a yak
   963 | D:5      | Noticed Blork the orc
  1098 | D:5      | Gained mutation: You are slightly more attuned to the shadows. [demonic ancestry]
  1098 | D:5      | Reached XP level 6. HP: 37/47 MP: 6/6
  1141 | D:5      | Killed from afar by Blork the orc

Vault maps used:
D:1:      dpeg_arrival_water_fire, hex_intersection, minmay_tetromino_t4
D:2:      chequers_ecumenical_altar_lobes
D:3:      elyvilon_altar_4, tgw_trog, lemuel_doored_altar,
          lemuel_zombie_altar_yredelemnul
D:4:      nicolae_ru_the_path_less_chosen, nicolae_dithmenos_the_darkroom,
          first_ration, chei_slow_surprise
D:5:      kennysheep_little_box, lemuel_round_altar, uniq_blork_the_orc
D:6:      lemuel_temple_firewalk_a, serial_shops, shop

Skill      XL: |  1  2  3  4  5 |
---------------+----------------+-----
Crossbows      | 4 5 |  5.0
Unarmed Combat | 2 3 |  3.2
Fighting       | 3 |  3.2
Dodging        | |  1.7
Stealth        | |  0.8

Action                   |  1- 3 |  4- 6 || total
-------------------------+-------+-------++-------
Melee: Short sword       |    13 |    34 ||    47
       Unarmed           |       |    37 ||    37
 Fire: Hand crossbow     |    30 |    42 ||    72
  Use: Scroll            |       |     5 ||     5
       Potion            |       |     1 ||     1
  Eat: Ration            |       |     1 ||     1
Armor: Leather armour    |     7 |    11 ||    18
       Ring mail         |       |    20 ||    20
Dodge: Dodged            |    26 |    58 ||    84

Table legend:
 A = Spawn XP
 B = Non-spawn XP
 C = Spawn XP percentage of total XP
 D = Spawn monster count
 E = Non-spawn monster count
 F = Spawn count percentage of total count
 G = Total turns spent on level
                    A         B        C        D         E        F      G
               +---------+---------+-------+---------+---------+-------+---------
         Total |       0 |     385 |   0.0 |       0 |      32 |   0.0 |  1141
               +---------+---------+-------+---------+---------+-------+---------
           D:2 |       0 |      44 |   0.0 |       0 |       6 |   0.0 |   192
           D:3 |       0 |      74 |   0.0 |       0 |      15 |   0.0 |   218
           D:4 |       0 |      33 |   0.0 |       0 |       1 |   0.0 |    97
           D:5 |       0 |     234 |   0.0 |       0 |      10 |   0.0 |   531
               +---------+---------+-------+---------+---------+-------+---------

Vault maps used:
D:1:      dpeg_arrival_water_fire, hex_intersection, minmay_tetromino_t4
D:2:      chequers_ecumenical_altar_lobes
D:3:      elyvilon_altar_4, tgw_trog, lemuel_doored_altar,
          lemuel_zombie_altar_yredelemnul
D:4:      nicolae_ru_the_path_less_chosen, nicolae_dithmenos_the_darkroom,
          first_ration, chei_slow_surprise
D:5:      kennysheep_little_box, lemuel_round_altar, uniq_blork_the_orc
D:6:      lemuel_temple_firewalk_a, serial_shops, shop
